 Dungeon Crawl Stone Soup version 0.29.1-15-g9cfb28693d (webtiles) character file.

Game seed: 5017523709321626283

45 dorian the Chiller (level 3, 24/24 HPs)
             Began as a Barachi Ice Elementalist on Apr 24, 2023.
             Was a Follower of Dithmenos.
             Quit the game on level 2 of the Dungeon on Apr 25, 2023.
             The game lasted 00:02:46 (1552 turns).

dorian the Chiller (Barachi Ice Elementalist)       Turns: 1552, Time: 00:02:47

Health: 24/24      AC:  3    Str: 15    XL:     3   Next: 64%
Magic:  7/7        EV: 12    Int: 17    God:    Dithmenos [*.....]
Gold:   103        SH:  0    Dex: 12    Spells: 6/7 levels left

rFire   . . .      SeeInvis .     - Unarmed
rCold   . . .      Faith    .   (no shield)
rNeg    . . .      Spirit   .   a - +1 robe
rPois   .          Reflect  .   (no helmet)
rElec   .          Harm     .   (no cloak)
rCorr   .          Rampage  .   (no gloves)
Will    .....                   (no boots)
Stlth   ++........              (no amulet)
HPRegen 0.08/turn               c - +6 ring of strength
MPRegen 0.10/turn               (no ring)

@: wreathed by umbra, slow
A: amphibious, slowness 1, strong legs 1, +LOS
a: Hop, Renounce Religion


You were on level 2 of the Dungeon.
You worshipped Dithmenos.
Dithmenos was aware of your devotion.
You visited 1 branch of the dungeon, and saw 2 of its levels.

You collected 103 gold pieces.

Inventory:

Armour
 a - a +1 robe (worn)
Jewellery
 c - a +6 ring of strength (left hand)
Scrolls
 f - a scroll of identify
Potions
 b - a potion of magic
 d - a potion of invisibility {unknown}
 j - 3 potions of heal wounds


   Skills:
 - Level 0.1 Fighting
 - Level 2.1 Dodging
 - Level 1.7 Stealth
 - Level 1.0 Unarmed Combat
 + Level 2.8 Spellcasting
 * Level 5.7 Ice Magic


You had 6 spell levels left.
You knew the following spells:

 Your Spells              Type           Power      Damage    Failure   Level
a - Freeze                Ice            88%        1d10      1%          1

Your spell library contained the following spells:

 Spells                   Type           Power      Damage    Failure   Level
 Frozen Ramparts          Ice            44%        1d7       4%          3
 Ozocubu's Armour         Ice            22%        N/A       4%          3
 Hailstorm                Conj/Ice       12%        3d5       47%         4


Dungeon Overview and Level Annotations

Branches:
Dungeon (2/15)

Altars:
Dithmenos


Innate Abilities, Weirdness & Mutations

You are amphibious.
You cover ground slowly.
You can hop short distances.
You have an extended range of vision and can be seen from far away.


Message History

Press: ? - help, Shift-Dir - straight line, f - adder
Aim: an adder (moderately wounded, umbra)
You freeze the adder!
You kill the adder!
Dithmenos accepts your kill.
HP restored.
An adder comes into view.
Casting: Freeze (safe; 1% risk of failure)
Confirm with . or Enter, or press ? or * to list all spells.
Aiming: Freeze (safe; 1% risk of failure)
Press: ? - help, Shift-Dir - straight line, f - adder
Aim: an adder (wandering, hasn't noticed you, umbra)
You freeze the adder!
The adder hisses angrily.
The adder is heavily wounded.
The adder closely misses you.
Casting: Freeze (safe; 1% risk of failure)
Confirm with . or Enter, or press ? or * to list all spells.
Aiming: Freeze (safe; 1% risk of failure)
Press: ? - help, Shift-Dir - straight line, f/p - adder
Aim: an adder (heavily wounded, umbra)
You freeze the adder!
You kill the adder!
Dithmenos accepts your kill.
Your Unarmed Combat skill increases to level 1!
Magic restored.
You now have 90 gold pieces (gained 10).
Found a leather armour.
You now have 103 gold pieces (gained 13).
You open the door.
Found a stone staircase leading up.
Found 4 stones.
There is an open door here.
There is a stone staircase leading up here.
You see here 4 stones.
Found a spear.
Welcome back, dorian the Barachi Ice Elementalist.
Dithmenos says: Spread the eternal night.
Press ? for a list of commands and other information.
Are you sure you want to abandon this character and quit the game? (Confirm with "yes".)

##.## ##....#
#.# #......
#####.###
##.<.##
#.......#
##.###
#.......# #.#
#..##.#.# #.#
#..##.#.#
##'##
#..#..#.#
##...##
#...@...#
##.....#
#.##.##.#
##....... #
#.# ..#
#..[..... ...
....
+.....(..
##.#
.####........
#.# #
##....... #.#
##.....# #.#
##...## #).
##+##


There were no monsters in sight!

Vanquished Creatures
  2 adders (D:2)
  A dart slug (D:1)
  3 ball pythons (D:1)
  3 endoplasms (D:1)
  A giant cockroach (D:1)
  2 goblins (D:1)
  2 hobgoblins (D:1)
  A quokka (D:1)
  3 bats
  3 frilled lizards (D:1)
  4 kobolds (D:1)
25 creatures vanquished.

Notes
Turn   | Place    | Note
-------+----------+-------------------------------------------
     0 | D:1      | dorian the Barachi Ice Elementalist began the quest for the
                  | Orb.
     0 | D:1      | Reached XP level 1. HP: 13/13 MP: 3/3
    67 | D:1      | Reached skill level 5 in Ice Magic
   102 | D:1      | Found a faded altar of an unknown god.
   250 | D:1      | Reached XP level 2. HP: 19/19 MP: 3/5
   272 | D:1      | Prayed at the altar of an unknown god.
   272 | D:1      | Became a worshipper of Dithmenos the Shadowed
   272 | D:1      | Reached * piety under Dithmenos
  1046 | D:1      | Reached XP level 3. HP: 20/24 MP: 6/6
  1435 | D:2      | Reached skill level 1 in Unarmed Combat
  1552 | D:2      | Quit the game

Illustrated notes

Levels and vault maps discovered:
D:1:      wander_arrival_peaceful_grave, layout_basic,
          ebering_ecumenical_altar_sacrificial
D:2:      layout_loops_corners

Skill      XL: |  1  2  3 |
---------------+----------+-----
Ice Magic      | 5 |  5.7
Unarmed Combat | 1 |  1.0
Fighting       | |  0.1
Dodging        | |  2.1
Stealth        | |  1.7
Spellcasting   | |  2.8

Action                   || total
-------------------------++-------
Melee: Unarmed           ||    35
 Cast: Freeze            ||    29
  Use: Scroll            ||     6
 Stab: Sleeping          ||     4
Armor: Robe              ||     8
Dodge: Dodged            ||    55
